 Dungeon Crawl Stone Soup version 0.20-a0-785-g17250f0 (webtiles) character file.

4830 nono the Chucker (level 10, -9/53 HPs)
             Began as a Vine Stalker Hunter on Feb 27, 2017.
             Was a Believer of Okawaru.
             Mangled by zkyp's ghost (19 damage)
             ... on level 8 of the Dungeon.
             The game lasted 00:40:33 (3925 turns).

nono the Chucker (Vine Stalker Hunter)              Turns: 3925, Time: 00:40:34

Health: -9/53      AC: 10    Str: 17    XL:     10   Next: 49%
Magic:  0/20       EV: 15    Int: 11    God:    Okawaru [**....]
Gold:   150        SH:  5    Dex: 16    Spells: 9/9 levels left

rFire    . . .     SeeInvis .   m - +2 dagger (elec)
rCold    . . .     Gourm    .   t - +3 leather armour of Sufruw {rPois rN+}
rNeg     + . .     Faith    .   M - +0 buckler
rPois    +         Spirit   +   (no helmet)
rElec    .         Reflect  .   L - +0 cloak
rCorr    .         Harm     .   j - +0 pair of gloves
MR       +....                  I - +0 pair of boots
Stlth    ++........             (no amulet)
Regen    0.6/turn               (no ring)
MPRegen  0.2/turn               k - ring of magical power

@: no status effects
A: fangs 3, regeneration 1, magic shield, antimagic bite, no potion heal 3, rot
immunity
a: Heroism, Renounce Religion


You were on level 8 of the Dungeon.
You worshipped Okawaru.
Okawaru was pleased with you.
You were hungry.

You visited 2 branches of the dungeon, and saw 13 of its levels.
You also visited: Ossuary.

You collected 425 gold pieces.
You spent 275 gold pieces at shops.

Inventory:

Hand Weapons
 a - a +0 short sword
 m - a +2 dagger of electrocution (weapon)
 z - the +9 sword of Zonguldrok {reap}
   (You found it on level 7 of the Dungeon)

   If a monster killed with it leaves a corpse in good enough shape, the corpse
   will be animated as a zombie friendly to the killer.
Missiles
 c - 2 javelins (quivered)
 d - 3 curare-tipped needles
 l - 10 tomahawks
Armour
 b - a +0 leather armour
 e - a scarf of cold resistance
 j - a +0 pair of gloves (worn)
 t - the +3 leather armour of Sufruw (worn) {rPois rN+}
   (You bought it in a shop on level 6 of the Dungeon)

   It protects you from poison.
   It protects you from negative energy.
 I - a +0 pair of boots (worn)
 L - a +0 cloak (worn)
 M - a +0 buckler (worn)
Jewellery
 k - a ring of magical power (left hand)
 A - a cursed ring of teleportation {unknown}
Wands
 G - a wand of disintegration (12/24)
 H - a wand of digging (10/24)
 K - a wand of clouds (1/9)
 O - a wand of iceblast (13/15)
 P - a wand of iceblast (2/15)
 R - a wand of random effects (24/48)
Scrolls
 p - 2 scrolls of amnesia
 r - a scroll of brand weapon
 s - 2 scrolls of teleportation
 y - 4 scrolls of remove curse
 B - 3 scrolls of recharging
 D - 2 scrolls of blinking
 Q - a scroll of enchant weapon
Potions
 i - 3 potions of flight {unknown}
 o - 3 potions of berserk rage {unknown}
 q - 5 potions of heal wounds {unknown}
 u - 2 potions of agility {unknown}
 v - 2 potions of curing {unknown}
 w - 2 potions of invisibility {unknown}
 C - a potion of ambrosia {unknown}
 E - a potion of haste {unknown}
 F - a potion of lignification
 J - a potion of brilliance {unknown}
Books
 N - a book of Misfortune

   Spells                             Type                      Level
   a - Confusing Touch                Hexes                        1
   b - Confuse                        Hexes                        3
   c - Gell's Gravitas                Translocation                3
   d - Petrify                        Transmutation/Earth          4
   e - Metabolic Englaciation         Hexes/Ice                    5
   f - Yara's Violent Unravelling     Hexes/Transmutation          5
Comestibles
 f - 2 bread rations
 g - a fruit
 h - 8 meat rations
 n - 3 royal jellies


   Skills:
 + Level 6.5 Fighting
 + Level 6.2 Short Blades
 - Level 6.9 Throwing
 + Level 4.6 Armour
 + Level 5.1 Dodging
 - Level 1.2 Stealth
 - Level 4.2 Shields


You had 9 spell levels left.
You didn't know any spells.

Dungeon Overview and Level Annotations

Branches:
Dungeon (12/15)            Temple (1/1) D:6
   Lair: D:8-11         Orc: D:9-12

Altars:
Cheibriados
Dithmenos
Fedhas
Gozag
Hepliaklqana
Kikubaaqudgha
Okawaru
Qazlal
Ru
Sif Muna
Trog
Yredelemnul
Zin
The Shining One
Jiyva
Lugonu

Shops:
D:6 *   D:9 *?=(

Annotations:
D:3 Natasha; nono's ghost, weakling VSHu
D:7 Joseph; Menkaure
D:8 zkyp's ghost, novice DsMo


Innate Abilities, Weirdness & Mutations

You have razor-sharp teeth.
Your natural rate of healing is unusually fast.
When hurt, damage is shared between your health and your magic reserves.
Your bite disrupts and absorbs the magic of your enemies.
Potions cannot restore your health.
You are immune to rotting.


Message History

Zkyp's ghost misses you.
You hit zkyp's ghost. Your bite misses zkyp's ghost.
Zkyp's ghost is almost destroyed.
Zkyp's ghost completely misses you.
You hit zkyp's ghost. Your bite misses zkyp's ghost.
Zkyp's ghost is almost destroyed.
You hit zkyp's ghost but do no damage. Your bite misses zkyp's ghost.
Zkyp's ghost is almost destroyed.
Zkyp's ghost barely misses you.
You barely miss zkyp's ghost. Your bite misses zkyp's ghost.
Zkyp's ghost is almost destroyed.
Zkyp's ghost hits you!!
* * * LOW HITPOINT WARNING * * *
An orc comes into view. It is wielding a club.
Things that are here:
a whip; a leather armour You see here 9 gold pieces.
There is a stone staircase leading down here.
Zkyp's ghost hits you!!
You die...

#.###..O.O.. #.# #######.
#O# #. #.# #. #.# ## #
#.# # #.# #.# #
.....#########.## #
........@.......# #
.........W.###..#########
#.#...####.............>.
#.....o)).........#######
###...########..### ##.
#..# .. #..# ## .....
####.##


You could see zkyp's ghost.

Vanquished Creatures
  A two-headed ogre (D:11)
  2 trolls
  Grinder (D:6)
  A slime creature (D:10)
  A hippogriff (D:9)
  3 yaks (D:11)
  A wraith (D:10)
  4 orc warriors
  An ogre (D:8)
  2 phantoms
  A sky beast (D:10)
  A centaur (D:9)
  A crocodile (D:10)
  4 bullfrogs
  A water moccasin zombie (D:6)
  2 scorpions
  4 killer bees (D:11)
  2 howler monkeys
  A crimson imp (D:10)
  A centaur zombie (D:9)
  3 hounds
  A bullfrog zombie (D:8)
  3 jellies (D:10)
  3 centaur skeletons
  2 bullfrog skeletons
  2 human zombies (Ossuary)
  An orc priest (D:9)
  6 orc wizards
  Natasha (D:3)
  5 worker ants
  A big kobold zombie (Ossuary)
  A hound zombie (Ossuary)
  5 mummies
  A hound skeleton (D:6)
  A howler monkey zombie (D:5)
  A worker ant zombie (D:7)
  A howler monkey skeleton (D:10)
  2 adders
  3 gnolls (D:5)
  A shadow imp (D:6)
  An ooze (D:1)
  A dart slug (D:2)
  2 leopard geckos (D:5)
  22 orcs
  A ball python (D:2)
  4 bats
  5 giant cockroaches
  6 goblins
  2 hobgoblins
  13 jackals
  3 kobolds
  2 quokkas
  2 frilled lizards
  3 gnoll zombies (Ossuary)
  2 hobgoblin zombies (D:5)
  A jackal zombie (D:7)
  2 kobold zombies
  3 orc zombies
  A quokka skeleton (D:6)
  2 rats (D:1)
  2 rat zombies (Ossuary)
159 creatures vanquished.

Notes
Turn   | Place    | Note
-------+----------+-------------------------------------------
     0 | D:1      | nono the Vine Stalker Hunter began the quest for the Orb.
     0 | D:1      | Reached XP level 1. HP: 11/11 MP: 2/2
    94 | D:1      | Reached XP level 2. HP: 9/15 MP: 3/3
   166 | D:2      | Found an ancient bone altar of Kikubaaqudgha.
   431 | D:3      | Noticed Natasha
   432 | D:3      | Killed Natasha
   432 | D:3      | Reached XP level 3. HP: 4/18 MP: 4/4
   544 | D:3      | Noticed nono's ghost (weakling VSHu)
   560 | D:5      | Entered Level 5 of the Dungeon
   596 | D:4      | Found a sand-covered staircase.
   602 | Ossuary  | Entered an ossuary
   628 | Ossuary  | Reached skill level 5 in Throwing
   628 | Ossuary  | Gained mutation: Your natural rate of healing is unusually fast. [Vine Stalker growth]
   628 | Ossuary  | Reached XP level 4. HP: 10/23 MP: 5/5
   664 | Ossuary  | Reached XP level 5. HP: 14/26 MP: 6/6
   917 | D:3      | Reached XP level 6. HP: 21/30 MP: 7/7
   922 | D:3      | Noticed Natasha
   995 | D:5      | Noticed a phantom
  1208 | D:5      | Reached skill level 1 in Short Blades
  1263 | D:5      | Killed a phantom
  1263 | D:5      | Reached XP level 7. HP: 35/35 MP: 8/8
  1623 | D:5      | Found a hazy altar of Hepliaklqana.
  1822 | D:7      | Noticed Menkaure
  1888 | D:6      | Noticed Grinder
  1896 | D:6      | Paralysed by Grinder for 5 turns
  1900 | D:6      | HP: 1/37 [Grinder (2)]
  1969 | D:6      | Gained mutation: You have razor-sharp teeth. [Vine Stalker growth]
  1969 | D:6      | Reached XP level 8. HP: 37/42 MP: 8/9
  2007 | D:6      | Found Nixziok's Assorted Antiques.
  2018 | D:6      | Bought a fine leather armour for 133 gold pieces
  2028 | D:6      | Identified the +3 leather armour of Sufruw {rPois rN+} (You bought it in a shop on level 6 of the Dungeon)
  2080 | D:6      | Killed Grinder
  2080 | D:6      | Reached skill level 5 in Fighting
  2109 | D:6      | Bought a scroll of blinking for 142 gold pieces
  2176 | D:7      | Noticed Joseph
  2294 | D:6      | Found a staircase to the Ecumenical Temple.
  2300 | Temple   | Entered the Ecumenical Temple
  2461 | D:8      | Reached skill level 5 in Short Blades
  2525 | D:8      | Noticed a two-headed ogre
  2559 | D:9      | Found a basalt altar of Yredelemnul.
  2559 | D:9      | Noticed a profane servitor
  2585 | D:9      | Found a glowing golden altar of the Shining One.
  2587 | D:9      | Noticed an angel
  2642 | D:9      | Found Yjemem's Magic Scroll Shoppe.
  2643 | D:9      | Noticed a troll
  2646 | D:9      | Found Nipof's Jewellery Boutique.
  2699 | D:9      | Killed a troll
  2699 | D:9      | Reached skill level 1 in Armour
  2699 | D:9      | Reached XP level 9. HP: 19/48 MP: 8/10
  2720 | D:9      | Found Lishopigu's Weapon Shop.
  2749 | D:9      | Found Kostruh's Assorted Antiques.
  2755 | D:9      | Found a shadowy altar of Dithmenos.
  2778 | D:9      | Found an iron altar of Okawaru.
  2780 | D:9      | Found an opulent altar of Gozag.
  2794 | D:10     | Entered Level 10 of the Dungeon
  2884 | D:10     | Found a viscous altar of Jiyva.
  2956 | D:9      | Found a sacrificial altar of Ru.
  2964 | D:9      | Became a worshipper of Warmaster Okawaru
  3077 | D:11     | Noticed a two-headed ogre
  3085 | D:11     | Killed a two-headed ogre
  3160 | D:11     | Reached * piety under Okawaru
  3235 | D:11     | Reached XP level 10. HP: 28/53 MP: 9/11
  3367 | D:11     | Noticed a purple ugly thing
  3493 | D:10     | Reached ** piety under Okawaru
  3831 | D:9      | Reached skill level 5 in Dodging
  3896 | D:8      | Noticed zkyp's ghost (novice DsMo)
  3925 | D:8      | Mangled by zkyp's ghost

Vault maps used:
D:1:      erik_arrival_cave_to_civilisation, dk_noncrumbling_3
D:2:      lemuel_doored_altar, hangedman_glass_teeth, minmay_divided_ellipse,
          uniq_jessica
D:3:      uniq_natasha
D:4:      enter_ossuary_2
D:5:      basic_altar, first_bread, grunt_ministairs_6, minmay_mini_ossuary
D:6:      minmay_temple_entry_enclosed_plants, serial_shops,
          nicolae_shop_crystal, uniq_grinder
D:7:      grunt_temple_overflow_champion_of_chaos, uniq_menkaure, uniq_joseph,
          uniq_pikel
D:8:      minitemple, david_lair_generic
D:9:      grunt_temple_overflow_holy_war, ashenzari_conservatory_becter,
          nicolae_overflow_hidden_temple, minmay_orc_entry_temple_small,
          serial_shops, shop, shop_statue, shop, nicolae_shop_statue_plus, shop,
          hangedman_little_slice_of_home
D:10:     jiyva_altar_1
D:12:     serial_undead, serial_undead_a, serial_undead_d, serial_undead_a,
          serial_undead_f, serial_undead_b, serial_undead_a, serial_undead_b,
          nicolae_straight_to_the_point
Temple:   corrupted_temple
Ossuary:  ossuary_minmay_tomb_2a

Skill      XL: |  1  2  3  4  5  6  7  8  9 10 |
---------------+-------------------------------+-----
Throwing       | 4 5 6 |  6.9
Fighting       | 2 4 5 6 |  6.5
Short Blades   | 1 3 5 6 |  6.2
Armour         | 1 3 4 |  4.6
Dodging        | 2 4 5 |  5.1
Shields        | 4 |  4.2
Stealth        | |  1.2

Action                   |  1- 3 |  4- 6 |  7- 9 | 10-12 || total
-------------------------+-------+-------+-------+-------++-------
Melee: Short sword       |    19 |       |       |       ||    19
       Bite              |    14 |    39 |    81 |    35 ||   169
       Dagger            |    37 |   147 |   220 |   126 ||   530
       Double sword      |       |       |    20 |     3 ||    23
Throw: Javelin           |    11 |     3 |     4 |       ||    18
       Throwing net      |     4 |       |       |       ||     4
Invok: Heroism           |       |       |       |     1 ||     1
Evoke: Wand              |       |       |     3 |     1 ||     4
  Use: Scroll            |       |     8 |     8 |     3 ||    19
 Stab: Distracted        |       |       |       |     1 ||     1
       Sleeping          |       |       |       |     1 ||     1
  Eat: Chunk             |       |     1 |     6 |     2 ||     9
       Fruit             |       |       |     1 |       ||     1
Armor: Leather armour    |    14 |    25 |    43 |    14 ||    96
Dodge: Dodged            |    48 |    98 |   103 |    49 ||   298
Block: Buckler           |       |       |    12 |    19 ||    31
       Rpst.: Double sword |       |       |     5 |       ||     5
